 Dungeon Crawl Stone Soup version 0.20-a0-920-gb18bc0f (webtiles) character file.

262 relicbr the Covert (level 5, -2/38 HPs)
             Began as a Vampire Assassin on Mar 26, 2017.
             Killed by divine providence
             ... invoked by an orc priest
              (10 damage)
             ... on level 3 of the Dungeon.
             The game lasted 00:07:16 (1948 turns).

relicbr the Covert (Vampire Assassin)               Turns: 1948, Time: 00:07:17

Health: -2/38      AC:  2    Str: 10    XL:     5   Next: 97%
Magic:  5/5        EV: 12    Int: 14    God:
Gold:   190        SH:  0    Dex: 16    Spells: 4/4 levels left

rFire    . . .     SeeInvis +   o - +0 short sword (speed)
rCold    + . .     Gourm    .   (no shield)
rNeg     . . .     Faith    .   c - +0 robe
rPois    .         Spirit   .   (no helmet)
rElec    .         Reflect  .   m - scarf {rC+}
rCorr    .         Harm     .   (no gloves)
MR       .....                  (no boots)
Stlth    +++++.....             (no amulet)
Regen    0.4/turn               (no ring)
MPRegen  0.1/turn               (no ring)

@: regenerating quickly
A: fangs 3, see invisible, unbreathing
a: no special abilities


You were on level 3 of the Dungeon.
You were very full.

You visited 1 branch of the dungeon, and saw 3 of its levels.

You collected 190 gold pieces.

Inventory:

Hand Weapons
 a - a +3 dagger
 b - a +0 blowgun
 o - a +0 short sword of speed (weapon)
Missiles
 e - 7 poisoned needles
 f - a curare-tipped needle (quivered)
Armour
 c - a +0 robe (worn)
 d - a +0 cloak
 m - a scarf of cold resistance (worn)
Jewellery
 w - an uncursed ring of magical power {unknown}
Scrolls
 h - a scroll of enchant weapon
 i - 2 scrolls of identify {unknown}
 k - a scroll of remove curse {unknown}
 l - a scroll of immolation {unknown}
 n - a scroll of blinking {unknown}
 q - a scroll of teleportation {unknown}
 r - a scroll of fog {unknown}
 v - a scroll of enchant armour {unknown}
Potions
 g - 10 potions of blood
 j - 2 potions of curing {unknown}
 p - 2 potions of heal wounds {unknown}
 s - a potion of brilliance {unknown}
 t - a potion of resistance {unknown}
Books
 u - a book of Maledictions

   Spells                             Type                      Level
   a - Corona                         Hexes                        1
   b - Ensorcelled Hibernation        Hexes/Ice                    2
   c - Confuse                        Hexes                        3
   d - Tukima's Dance                 Hexes                        3
   e - Dazzling Spray                 Conjuration/Hexes            3


   Skills:
 - Level 1.7 Fighting
 * Level 2.3 Short Blades
 - Level 1.5 Throwing
 - Level 1.1 Dodging
 - Level 10.8 Stealth


You had 4 spell levels left.
You didn't know any spells.

Dungeon Overview and Level Annotations

Branches:
Dungeon (3/15)

Altars:


Innate Abilities, Weirdness & Mutations

Your natural rate of healing is unusually fast.
You have razor-sharp teeth.
You have supernaturally acute eyesight. (SInv)
You can survive without breathing.


Message History

The orc is severely wounded.
You hit the orc.
You kill the orc!
The orc priest mumbles some strange prayers to Beogh against you.
Beogh smites you! The orc priest hits you with a dagger.
* * * LOW HITPOINT WARNING * * *
Things that are here:
a hand axe x2; an orc corpse You barely miss the orc priest.
You closely miss the orc priest. The orc priest barely misses you.
You hit the orc priest.
The orc priest is lightly wounded.
The orc throws a tomahawk.
The tomahawk hits you.
* * * LOW HITPOINT WARNING * * *
You hit the orc priest but do no damage.
The orc priest is lightly wounded.
The orc priest mumbles some strange prayers to Beogh against you.
Beogh smites you!
You die...

#.#.....#.# #.#
#.#.###.#.#######.# #####
#.#.# #........##.# #....
#†#.###.#.####.##.###.###
#...>.....# ##.#...##.##.
#####.##### #.#.......##.
#.# ##.#...#####.
#####.##### ####.## #.
#.......@o# #.# #.
#..##..##.# #.# #. #.
#...##o# #+# #.
#..#.#.##)# ##
#.....(...# #.#.#..###
#.....o.# ###....... .
#.#...oo# ##


You could see an orc priest and an orc.

Vanquished Creatures
  Sigmund (D:3)
  Robin (D:3)
  3 adders (D:3)
  An ooze (D:1)
  A dart slug (D:1)
  2 leopard geckos
  3 orcs (D:3)
  4 giant cockroaches
  6 hobgoblins
  3 jackals (D:2)
  A quokka (D:2)
  4 ball pythons
  11 bats
  4 frilled lizards
  11 goblins
  3 kobolds
  6 rats (D:1)
  A fungus (D:1)
66 creatures vanquished.

Notes
Turn   | Place    | Note
-------+----------+-------------------------------------------
     0 | D:1      | relicbr the Vampire Assassin began the quest for the Orb.
     0 | D:1      | Reached XP level 1. HP: 16/16 MP: 1/1
    33 | D:1      | Reached skill level 6 in Stealth
   297 | D:1      | Reached XP level 2. HP: 22/22 MP: 2/2
   528 | D:1      | Reached skill level 7 in Stealth
   900 | D:1      | Reached XP level 3. HP: 27/27 MP: 3/3
  1369 | D:2      | Reached skill level 8 in Stealth
  1526 | D:3      | Noticed Sigmund
  1555 | D:3      | Killed Sigmund
  1555 | D:3      | Reached skill level 10 in Stealth
  1555 | D:3      | Reached XP level 4. HP: 33/33 MP: 4/4
  1555 | D:3      | Reached XP level 5. HP: 38/38 MP: 5/5
  1643 | D:3      | Noticed Robin
  1658 | D:3      | Killed Robin
  1948 | D:3      | Killed from afar by an orc priest

Vault maps used:
D:1:      saegor_arrival_simple_c, minivault_11, st_stairs_5,
          minmay_gold_behind_fungi, roderic_lattice_a,
          hangedman_abyss_or_decor_stabs
D:3:      hangedman_decor_growths, uniq_sigmund, uniq_robin, uniq_iyjb,
          uniq_jessica

Skill      XL: |  1  2  3 |
---------------+----------+-----
Stealth        | 6 7 10 | 10.8
Fighting       | |  1.7
Short Blades   | |  2.3
Throwing       | |  1.5
Dodging        | |  1.1

Action                   |  1- 3 |  4- 6 || total
-------------------------+-------+-------++-------
Melee: Dagger            |    57 |     8 ||    65
       Bite              |    10 |     9 ||    19
       Short sword       |    71 |    83 ||   154
 Fire: Blowgun           |     4 |     3 ||     7
  Use: Scroll            |     1 |       ||     1
 Stab: Sleeping          |    15 |     4 ||    19
  Eat: Corpse            |    12 |     2 ||    14
Armor: Robe              |    21 |     8 ||    29
Dodge: Dodged            |    66 |    37 ||   103
